| TOP OF THE 1ST |
|
Tri-City Dust Devils batting - Pitching for Hillsboro Hops : RHP Jose Rodas
|
|
Pitching: RHP Jose Rodas
|
|
|
Batting: RHB Ben Hoffman
|
0-0: Called Strike 0-1: Ball 1-1: Swinging Strike 1-2: Ground out 4-3 (Groundball, 4S, EV 61.2 MPH)
|
|
Batting: RHB Hector Fernandez
|
0-0: Ball 1-0: Swinging Strike 1-1: Ball 2-1: Fly out, F7 (Flyball, 78D, EV 90.0 MPH)
|
|
Batting: RHB Yuusei Narita
|
0-0: Called Strike 0-1: Swinging Strike 0-2: Fly out, F9 (Flyball, 9D, EV 91.2 MPH)
|
| Top of the 1st over - 0 runs, 0 hits, 0 errors, 0 left on base; Tri-City 0 - Hillsboro 0 |
| BOTTOM OF THE 1ST |
|
Hillsboro Hops batting - Pitching for Tri-City Dust Devils : LHP Juan Lopez
|
|
Pitching: LHP Juan Lopez
|
|
|
Batting: RHB Nikita Schram
|
0-0: Swinging Strike 0-1: Called Strike 0-2: Ball 1-2: Ball 2-2: Ground out 5-3 (Groundball, 56S, EV 68.8 MPH)
|
|
Batting: RHB Dale Young
|
0-0: Foul Ball, location: 2F 0-1: Ball 1-1: Fly out, F3 (Popup, 3F, EV 69.4 MPH)
|
|
Batting: RHB Paul Healy
|
0-0: Fly out, F8 (Flyball, 89XD, EV 85.6 MPH)
|
| Bottom of the 1st over - 0 runs, 0 hits, 0 errors, 0 left on base; Tri-City 0 - Hillsboro 0 |
| TOP OF THE 2ND |
|
Tri-City Dust Devils batting - Pitching for Hillsboro Hops : RHP Jose Rodas
|
|
Batting: LHB Justin Rankin
|
0-0: Fly out, F4 (Popup, 4MD, EV 60.6 MPH)
|
|
Batting: RHB Ken Hahn
|
0-0: Ball 1-0: SINGLE (Line Drive, 89S, EV 102.5 MPH)
|
|
Batting: RHB Victor Contreras
|
0-0: Ball 1-0: Called Strike 1-1: Foul Ball, location: 2F 1-2: Ball 2-2: Fly out, F8 (Flyball, 8RD, EV 105.6 MPH)
|
|
Batting: LHB Paul Collins
|
0-0: Called Strike 0-1: Swinging Strike 0-2: Ball 1-2: Foul Ball, location: 2F 1-2: Strikes out looking
|
| Top of the 2nd over - 0 runs, 1 hit, 0 errors, 1 left on base; Tri-City 0 - Hillsboro 0 |
| BOTTOM OF THE 2ND |
|
Hillsboro Hops batting - Pitching for Tri-City Dust Devils : LHP Juan Lopez
|
|
Batting: RHB Mike Dodson
|
0-0: Ball 1-0: Ball 2-0: Ground out 5-3 (Groundball, 5, EV 91.2 MPH)
|
|
Batting: RHB T.J. Jordan
|
0-0: Called Strike 0-1: Ball 1-1: Ball 2-1: DOUBLE (Line Drive, 78M, EV 109.4 MPH)
|
|
Batting: SHB David Barona
|
0-0: Foul Ball, location: 2F 0-1: Called Strike 0-2: Ball 1-2: Strikes out swinging
|
|
Batting: RHB Jonathan Underhill
|
0-0: Ball 1-0: Foul Ball, location: 2F 1-1: DOUBLE (Line Drive, 9LM, EV 98.8 MPH) T.J. Jordan scores
|
|
Batting: RHB Joe Stading
|
0-0: Ground out 6-3 (Groundball, 4MS, EV 62.5 MPH)
|
| Bottom of the 2nd over - 1 run, 2 hits, 0 errors, 1 left on base; Tri-City 0 - Hillsboro 1 |
| TOP OF THE 3RD |
|
Tri-City Dust Devils batting - Pitching for Hillsboro Hops : RHP Jose Rodas
|
|
Batting: RHB Joel Vazquez
|
0-0: Called Strike 0-1: Fly out, F7 (Flyball, 7S, EV 90.6 MPH)
|
|
Batting: RHB Pleun Smit
|
0-0: Called Strike 0-1: Swinging Strike 0-2: Strikes out looking
|
|
Batting: RHB Ben Hoffman
|
0-0: Foul Ball, location: 2F 0-1: Swinging Strike 0-2: Ball 1-2: Ball 2-2: Ground out 2-3 (Groundball, 15S, EV 67.5 MPH)
|
| Top of the 3rd over - 0 runs, 0 hits, 0 errors, 0 left on base; Tri-City 0 - Hillsboro 1 |
| BOTTOM OF THE 3RD |
|
Hillsboro Hops batting - Pitching for Tri-City Dust Devils : LHP Juan Lopez
|
|
Batting: RHB Ryuki Ogasawara
|
0-0: Ball 1-0: Ball 2-0: Swinging Strike 2-1: SINGLE (Line Drive, 78S, EV 108.8 MPH)
|
|
Batting: RHB Nikita Schram
|
0-0: Ball 1-0: Called Strike 1-1: Fly out, F8 (Line Drive, 8RD, EV 97.5 MPH)
|
|
Batting: RHB Dale Young
|
0-0: Ball Wild Pitch! Ryuki Ogasawara to second 1-0: Ball 2-0: Called Strike 2-1: Ball 3-1: Base on Balls
|
|
Batting: RHB Paul Healy
|
0-0: DOUBLE (Line Drive, 7LS, EV 111.9 MPH) Ryuki Ogasawara scores Dale Young to third Runner from 3rd tries for Home, SAFE, no throw by LF
|
|
Batting: RHB Mike Dodson
|
0-0: Foul Ball, location: 2F 0-1: Ball 1-1: Swinging Strike 1-2: Ball 2-2: Ball 3-2: Fly out, F7 (Flyball, 78M, EV 90.6 MPH)
|
|
Batting: RHB T.J. Jordan
|
0-0: Ball 1-0: Ground out 6-3 (Groundball, 6, EV 89.4 MPH)
|
| Bottom of the 3rd over - 2 runs, 2 hits, 0 errors, 1 left on base; Tri-City 0 - Hillsboro 3 |
| TOP OF THE 4TH |
|
Tri-City Dust Devils batting - Pitching for Hillsboro Hops : RHP Jose Rodas
|
|
Batting: RHB Hector Fernandez
|
0-0: Foul Ball, location: 2F 0-1: Ball 1-1: Ball 2-1: Ball 3-1: Called Strike 3-2: Ground out 2-3 (Groundball, 2L, EV 65.0 MPH)
|
|
Batting: RHB Yuusei Narita
|
0-0: Swinging Strike 0-1: Ball 1-1: Swinging Strike 1-2: Fly out, F8 (Flyball, 8RD, EV 91.2 MPH)
|
|
Batting: LHB Justin Rankin
|
0-0: Ball 1-0: Foul Ball, location: 2F 1-1: Foul Ball, location: 2F 1-2: Ball 2-2: Strikes out swinging
|
| Top of the 4th over - 0 runs, 0 hits, 0 errors, 0 left on base; Tri-City 0 - Hillsboro 3 |
| BOTTOM OF THE 4TH |
|
Hillsboro Hops batting - Pitching for Tri-City Dust Devils : LHP Juan Lopez
|
|
Batting: SHB David Barona
|
0-0: Called Strike 0-1: Ball 1-1: Ball 2-1: Foul Ball, location: 2F 2-2: Fly out, F8 (Flyball, 8RXD, EV 109.4 MPH)
|
|
Batting: RHB Jonathan Underhill
|
0-0: Called Strike 0-1: Ball 1-1: Foul Ball, location: 2F 1-2: Ball 2-2: Ball 3-2: Base on Balls
|
|
Batting: RHB Joe Stading
|
0-0: Ball 1-0: Ball 2-0: Called Strike 2-1: Ball 3-1: Called Strike 3-2: Strikes out looking
|
|
Batting: RHB Ryuki Ogasawara
|
0-0: Called Strike 0-1: TRIPLE (Line Drive, 78XD, EV 110.0 MPH) Jonathan Underhill scores
|
|
Batting: RHB Nikita Schram
|
0-0: Swinging Strike 0-1: Foul Ball, location: 2F 0-2: Ball 1-2: Ball 2-2: Strikes out swinging
|
| Bottom of the 4th over - 1 run, 1 hit, 0 errors, 1 left on base; Tri-City 0 - Hillsboro 4 |
| TOP OF THE 5TH |
|
Tri-City Dust Devils batting - Pitching for Hillsboro Hops : RHP Jose Rodas
|
|
Batting: RHB Ken Hahn
|
0-0: Foul Ball, location: 2F 0-1: Ball 1-1: Foul Ball, location: 2F 1-2: Ball 2-2: Strikes out swinging
|
|
Batting: RHB Victor Contreras
|
0-0: SINGLE (Line Drive, 8RS, EV 85.6 MPH)
|
|
Batting: LHB Paul Collins
|
0-0: Ball Victor Contreras steals 2nd base 1-0: Foul Ball, location: 2F 1-1: Foul Ball, location: 2F 1-2: Ball 2-2: Foul Ball, location: 2F 2-2: Ball 3-2: Foul Ball, location: 2F 3-2: DOUBLE (Flyball, 8LXD, EV 95.0 MPH) Victor Contreras scores
|
|
Batting: RHB Joel Vazquez
|
0-0: Called Strike 0-1: Hit by Pitch
|
|
Batting: RHB Pleun Smit
|
0-0: Called Strike 0-1: Called Strike 0-2: Foul Ball, location: 2F 0-2: Ball 1-2: Strikes out swinging
|
|
Batting: RHB Ben Hoffman
|
0-0: Ball 1-0: Ball 2-0: SINGLE (Groundball, 6MD, EV 106.9 MPH) Paul Collins to third Joel Vazquez to second Runner from 3rd tries for Home, SAFE, throw by CF to home
|
|
Batting: RHB Hector Fernandez
|
0-0: Called Strike 0-1: Fly out, F8 (Flyball, 8LM, EV 84.4 MPH)
|
| Top of the 5th over - 2 runs, 3 hits, 0 errors, 2 left on base; Tri-City 2 - Hillsboro 4 |
| BOTTOM OF THE 5TH |
|
Hillsboro Hops batting - Pitching for Tri-City Dust Devils : LHP Juan Lopez
|
|
Batting: RHB Dale Young
|
0-0: Foul Ball, location: 2F 0-1: Ball 1-1: Ball 2-1: Called Strike 2-2: Ball 3-2: Ground out U3 (Groundball, 34S, EV 82.5 MPH)
|
|
Batting: RHB Paul Healy
|
0-0: SOLO HOME RUN (Flyball, 9D, EV 100.0 MPH), Distance : 397 ft
|
|
Batting: RHB Mike Dodson
|
0-0: Ground out 6-3 (Groundball, 6, EV 103.1 MPH)
|
|
Batting: RHB T.J. Jordan
|
0-0: Called Strike 0-1: Swinging Strike 0-2: Ball 1-2: Strikes out swinging
|
| Bottom of the 5th over - 1 run, 1 hit, 0 errors, 0 left on base; Tri-City 2 - Hillsboro 5 |
| TOP OF THE 6TH |
|
Tri-City Dust Devils batting - Pitching for Hillsboro Hops : RHP Jose Rodas
|
|
Batting: RHB Yuusei Narita
|
0-0: Called Strike 0-1: Fly out, F6 (Line Drive, 6, EV 68.1 MPH)
|
|
Batting: LHB Justin Rankin
|
0-0: Ground out 1-3 (Groundball, 34S, EV 71.2 MPH)
|
|
Batting: RHB Ken Hahn
|
0-0: Ball 1-0: Called Strike 1-1: SINGLE (Line Drive, 3D, EV 103.8 MPH)
|
|
Batting: RHB Victor Contreras
|
0-0: Ball 1-0: Ball 2-0: Called Strike 2-1: SINGLE (Groundball, 4MD, EV 99.4 MPH) Ken Hahn to second
|
|
Batting: LHB Paul Collins
|
0-0: Ball 1-0: Ball 2-0: Ground out U3 (Groundball, 3L, EV 82.5 MPH)
|
| Top of the 6th over - 0 runs, 2 hits, 0 errors, 2 left on base; Tri-City 2 - Hillsboro 5 |
| BOTTOM OF THE 6TH |
|
Hillsboro Hops batting - Pitching for Tri-City Dust Devils : LHP Juan Lopez
|
|
Batting: SHB David Barona
|
0-0: Called Strike 0-1: Swinging Strike 0-2: Strikes out swinging
|
|
Batting: RHB Jonathan Underhill
|
0-0: Ball 1-0: Swinging Strike 1-1: Swinging Strike 1-2: Foul Ball, location: 2F 1-2: Strikes out swinging
|
|
Batting: RHB Joe Stading
|
0-0: Ball 1-0: Ball 2-0: Called Strike 2-1: Swinging Strike 2-2: Foul Ball, location: 2F 2-2: Ball 3-2: Foul Ball, location: 2F 3-2: Base on Balls
|
|
Batting: RHB Ryuki Ogasawara
|
0-0: Called Strike 0-1: Foul Ball, location: 2F 0-2: Foul Ball, location: 2F 0-2: Strikes out looking
|
| Bottom of the 6th over - 0 runs, 0 hits, 0 errors, 1 left on base; Tri-City 2 - Hillsboro 5 |
| TOP OF THE 7TH |
|
Tri-City Dust Devils batting - Pitching for Hillsboro Hops : RHP Jose Rodas
|
|
Batting: RHB Joel Vazquez
|
0-0: Swinging Strike 0-1: Ball 1-1: Swinging Strike 1-2: Strikes out swinging
|
|
Batting: RHB Pleun Smit
|
0-0: Ball 1-0: SINGLE (Flyball, 89S, EV 96.9 MPH)
|
|
Batting: RHB Ben Hoffman
|
0-0: Ball Pleun Smit is caught stealing 2nd base 2-4 1-0: Fly out, F7 (Flyball, 7S, EV 90.6 MPH)
|
| Top of the 7th over - 0 runs, 1 hit, 0 errors, 0 left on base; Tri-City 2 - Hillsboro 5 |
| BOTTOM OF THE 7TH |
|
Hillsboro Hops batting - Pitching for Tri-City Dust Devils : LHP Juan Lopez
|
|
Batting: RHB Nikita Schram
|
0-0: Called Strike 0-1: Ball 1-1: Fly out, F8 (Flyball, 8LXD, EV 95.6 MPH)
|
|
Batting: RHB Dale Young
|
0-0: Called Strike 0-1: Ground out 6-3 (Groundball, 6M, EV 82.5 MPH)
|
|
Batting: RHB Paul Healy
|
0-0: DOUBLE (Groundball, 5L, EV 103.8 MPH)
|
|
Batting: RHB Mike Dodson
|
0-0: Intentional Walk
|
|
Pitching: LHP Kyle Bachman
|
|
|
Batting: RHB T.J. Jordan
|
0-0: Called Strike 0-1: Ball 1-1: Ball Wild Pitch! Paul Healy to third Mike Dodson to second 2-1: Called Strike 2-2: Strikes out swinging
|
| Bottom of the 7th over - 0 runs, 1 hit, 0 errors, 2 left on base; Tri-City 2 - Hillsboro 5 |
| TOP OF THE 8TH |
|
Tri-City Dust Devils batting - Pitching for Hillsboro Hops : RHP Jose Rodas
|
|
Batting: RHB Hector Fernandez
|
0-0: Ball 1-0: Foul Ball, location: 2F 1-1: Swinging Strike 1-2: Ball 2-2: Foul Ball, location: 2F 2-2: Strikes out looking
|
|
Pitching: LHP Jesus Gallegos
|
|
|
Batting: RHB Yuusei Narita
|
0-0: Called Strike 0-1: Foul Ball, location: 2F 0-2: Strikes out looking
|
|
Batting: LHB Justin Rankin
|
0-0: Foul Ball, location: 2F 0-1: SINGLE (Flyball, 9LS, EV 93.8 MPH)
|
|
Batting: RHB Ken Hahn
|
0-0: Called Strike 0-1: Swinging Strike 0-2: Foul Ball, location: 2F 0-2: Strikes out looking
|
| Top of the 8th over - 0 runs, 1 hit, 0 errors, 1 left on base; Tri-City 2 - Hillsboro 5 |
| BOTTOM OF THE 8TH |
|
Hillsboro Hops batting - Pitching for Tri-City Dust Devils : LHP Kyle Bachman
|
|
Batting: SHB David Barona
|
0-0: Called Strike 0-1: DOUBLE (Groundball, 5L, EV 109.4 MPH)
|
|
Batting: RHB Jonathan Underhill
|
0-0: Called Strike 0-1: Ball 1-1: Ball 2-1: Foul Ball, location: 2F 2-2: Foul Ball, location: 2F 2-2: Ball 3-2: Ground out 4-3 (Groundball, 4, EV 88.1 MPH) David Barona to third
|
|
Batting: RHB Joe Stading
|
0-0: Ball 1-0: Called Strike Steal of home, David Barona is safe 1-1: Ground out 4-3 (Groundball, 4, EV 83.1 MPH)
|
|
Batting: RHB Ryuki Ogasawara
|
0-0: Ground out 6-3 (Groundball, 6, EV 90.6 MPH)
|
| Bottom of the 8th over - 1 run, 1 hit, 0 errors, 0 left on base; Tri-City 2 - Hillsboro 6 |
| TOP OF THE 9TH |
|
Tri-City Dust Devils batting - Pitching for Hillsboro Hops : LHP Jesus Gallegos
|
|
Pitching: RHP John Meyer
|
|
|
Batting: RHB Victor Contreras
|
0-0: Ball 1-0: Ball 2-0: Ball 3-0: Called Strike 3-1: Base on Balls
|
|
Batting: LHB Paul Collins
|
0-0: Swinging Strike 0-1: Called Strike 0-2: Strikes out swinging
|
|
Batting: RHB Joel Vazquez
|
0-0: Ball Wild Pitch! Victor Contreras to second 1-0: Called Strike 1-1: Ground out 6-3 (Groundball, 6, EV 102.5 MPH)
|
|
Batting: RHB Pleun Smit
|
0-0: Ball 1-0: Called Strike 1-1: Ball 2-1: Called Strike 2-2: Ball 3-2: Strikes out swinging
|
| Top of the 9th over - 0 runs, 0 hits, 0 errors, 1 left on base; Tri-City 2 - Hillsboro 6 |
|